 Dungeon Crawl Stone Soup version 0.26-a0-651-gb41185065b (webtiles) character file.

Game seed: 15051178947445123348

359 loralnil the Insei (level 6, -5/41 HPs)
             Began as an Octopode Transmuter on Oct 7, 2020.
             Killed by nerve-wracking pain
             ... invoked by a shadow imp
             ... summoned by Eustachio
              (11 damage)
             ... on level 4 of the Dungeon.
             The game lasted 00:05:22 (3576 turns).

loralnil the Insei (Octopode Transmuter)            Turns: 3576, Time: 00:05:22

Health: -5/41      AC:  5    Str: 10    XL:     6   Next: 65%
Magic:  9/10       EV: 14    Int: 17    God:
Gold:   216        SH:  0    Dex: 12    Spells: 1/11 levels left

rFire    . . .     SeeInvis .     - Unarmed
rCold    . . .     Faith    .   (no shield)
rNeg     . . .     Spirit   .   (helmet restricted)
rPois    .         Reflect  .   (no amulet)
rElec    .         Harm     .   g - +4 ring of protection
rCorr    .         Rampage  .   (no ring)
MR       .....                  (no ring)
Stlth    ++........             (no ring)
HPRegen  0.13/turn              (no ring)
MPRegen  0.12/turn              (no ring)
                                (no ring)
                                (no ring)

@: no status effects
A: almost no armour, stealthy swim, amphibious, 8 rings, constrict 8, camouflage
1, gelatinous body 1
a: no special abilities


You were on level 4 of the Dungeon.
You visited 1 branch of the dungeon, and saw 4 of its levels.

You collected 216 gold pieces.

Inventory:

Jewellery
 g - a +4 ring of protection (left tentacle)
Scrolls
 c - a scroll of fear
 d - 2 scrolls of remove curse
 h - 2 scrolls of identify
 i - a scroll of enchant armour
 j - a scroll of fog {unknown}
 k - a scroll of magic mapping {unknown}
Potions
 a - 2 potions of stabbing
 b - a potion of cancellation
 e - 2 potions of heal wounds
 f - 3 potions of curing


   Skills:
 + Level 2.9 Fighting
 + Level 3.4 Dodging
 + Level 4.1 Unarmed Combat
 + Level 3.2 Spellcasting
 + Level 3.4 Transmutations
 + Level 0.6 Poison Magic


You had one spell level left.
You knew the following spells:

 Your Spells              Type           Power        Failure   Level
a - Beastly Appendage     Tmut           ##....       4%          1
b - Wereblood             Tmut           ##......     6%          2
c - Spider Form           Tmut/Pois      #.........   22%         3
d - Ice Form              Ice/Tmut       #.......     63%         4

Your spell library contained the following spells:

 Spells                   Type           Power        Failure   Level
 Blade Hands              Tmut           ##........   75%         5


Dungeon Overview and Level Annotations

Branches:
Dungeon (4/15)
 Temple: D:4-7

Altars:
Fedhas

Annotations:
D:4 Eustachio


Innate Abilities, Weirdness & Mutations

You cannot wear most types of armour.
You are very stealthy in the water. (Stealth+)
You are amphibious.
You can wear up to eight rings at the same time.
You can use your tentacles to constrict eight enemies at once.
Your skin changes colour to match your surroundings (Stealth+).
Your rubbery body absorbs attacks. (AC +1, EV +1)


Message History

Eustachio hits you with a +0 rapier!
* * * LOW HITPOINT WARNING * * *
The shadow imp completely misses you. The iron imp completely misses you.
You hit Eustachio.
Eustachio is severely wounded.
Eustachio barely misses you. The shadow imp gestures at you.
You barely resist. You hit Eustachio but do no damage.
Eustachio is severely wounded.
The iron imp picks up a beetle and eats it.
The iron imp barely misses you. Eustachio hits you with a +0 rapier.
* * * LOW HITPOINT WARNING * * *
The shadow imp misses you.
Your transformation has ended.
The shadow imp closely misses you.
The phantom blinks!
The shadow imp gestures at you. Pain shoots through your body!
You die...

#...$......#
#..........#
#.....ยง....#
#........W.##..
#.....5........
#...@.5....##
#######.####
#.# #@#
#########.#####
.......<......#
..##..........#
#..........#
#..........#
#..........#
#..........#
#..........#


You could see a phantom, an iron imp (summoned) and a shadow imp (summoned).

Vanquished Creatures
  A bullfrog (D:3)
  An orc priest (D:3)
  3 orc wizards (D:3)
  Jessica (D:2)
  Natasha (twice) (D:3)
  3 adders
  An ufetubus (D:3)
  2 worms
  3 leopard geckos
  5 orcs (D:3)
  4 giant cockroaches (D:1)
  5 hobgoblins
  6 bats
  4 frilled lizards
  11 goblins
  4 kobolds
  7 rats
63 creatures vanquished.

Notes
Turn   | Place    | Note
-------+----------+-------------------------------------------
     0 | D:1      | loralnil the Octopode Transmuter began the quest for the
                  | Orb.
     0 | D:1      | Reached XP level 1. HP: 13/13 MP: 3/3
   360 | D:1      | Reached XP level 2. HP: 13/18 MP: 3/5
   364 | D:1      | Learned a level 2 spell: Wereblood
  1245 | D:2      | Reached XP level 3. HP: 22/23 MP: 4/6
  1264 | D:2      | Learned a level 3 spell: Spider Form
  2203 | D:2      | Found a blossoming altar of Fedhas.
  2327 | D:2      | Reached XP level 4. HP: 29/29 MP: 5/7
  2345 | D:2      | Noticed Jessica
  2354 | D:2      | Killed Jessica
  2465 | D:3      | Noticed a phantom
  2733 | D:3      | Reached XP level 5. HP: 20/34 MP: 4/9
  2800 | D:3      | Reached XP level 6. HP: 18/41 MP: 7/10
  3006 | D:3      | Reached skill level 4 in Unarmed Combat
  3013 | D:3      | Learned a level 4 spell: Ice Form
  3096 | D:3      | Noticed Natasha
  3103 | D:3      | Killed Natasha
  3312 | D:3      | Noticed Natasha
  3319 | D:3      | Killed Natasha
  3551 | D:4      | Noticed Eustachio
  3568 | D:4      | Noticed a phantom
  3576 | D:4      | Killed from afar by a shadow imp

Illustrated notes

Levels and vault maps discovered:
D:1:      grunt_arrival_lava_bath, layout_basic
D:2:      layout_basic, fedhas_ov_isle_minmay, uniq_jessica
D:3:      minmay_angry_zag, layout_basic, minmay_fountain_box, uniq_natasha
D:4:      layout_basic, st_stairs_1, uniq_eustachio, uniq_grinder

Skill      XL: |  1  2  3  4  5  6 |
---------------+-------------------+-----
Fighting       | 2 |  2.9
Dodging        | 3 |  3.4
Transmutations | 3 |  3.4
Spellcasting   | 3 |  3.2
Unarmed Combat | 4 |  4.1
Poison Magic   | |  0.6

Action                   |  1- 3 |  4- 6 || total
-------------------------+-------+-------++-------
Melee: Unarmed           |    81 |    86 ||   167
       Constrict         |    16 |    17 ||    33
       Kick              |    13 |    23 ||    36
       Tentacles         |     9 |    11 ||    20
       Punch             |       |     2 ||     2
 Cast: Beastly Appendage |    28 |    15 ||    43
       Wereblood         |       |     2 ||     2
       Spider Form       |       |     1 ||     1
  Use: Scroll            |     6 |     2 ||     8
 Stab: Sleeping          |     5 |       ||     5
Armor: Skin              |    11 |    13 ||    24
Dodge: Dodged            |    56 |    68 ||   124

Table legend: (Time is in decaauts)
 A = Elapsed time spent in this place.
 B = Non-inter-level travel time spent in this place.
 C = Inter-level travel time spent in this place.
 D = Time resting spent in this place.
 E = Time spent auto-exploring this place.
 F = Levels seen in this place.
 G = Mean time per level.
                   A        B        C        D        E       F      G
               +--------+--------+--------+--------+--------+-----+--------+
         Total |   3564 |   3530 |     34 |    188 |   2818 |   4 |  891.0 |
       Dungeon |   3564 |   3530 |     34 |    188 |   2818 |   4 |  891.0 |
               +--------+--------+--------+--------+--------+-----+--------+

Top non-repeatable levels by time:
     D:2: 1297 daAuts
     D:1: 1157 daAuts
     D:3: 1081 daAuts
     D:4: 28 daAuts
